details: 'sc2.no.wc3.yes enemy backstab'

« prev index next »

General information

Mini Map

Players

team 1
Humanvallyindaclub (yellow | 18 APM | 8 actions | 00:26)

» actions
Build / train4
Right click2
Select / deselect2
8 total
» units
Peasant4
4 total
Humansc2.no.wc3.yes (pink | 46 APM | 1174 actions | 25:42)
Hero icon 5 Blood Mage
Ability icon 3 Flame Strike
Ability icon 2 Banish
Hero icon 1 Mountain King
Ability icon 1 Storm Bolt

» actions
Assign group hotkey41
Basic commands17
Build / train93
Enter build submenu40
Enter hero's abilities submenu6
Give item / drop item7
Remove unit from queue3
Right click402
Select / deselect332
Select group hotkey166
Use ability67
1174 total
» units
Peasant9
Footman8
Wisp9
Rifleman1
Gryphon Rider11
Goblin Shredder1
39 total
» upgrades
Masonry5
Ultravision1
Swords3
Armor3
Animal War Training1
Lumber Harvesting1
Storm Hammers1
Cloud1
Backpack1
Gunpowder1
Plating1
19 total
» buildings
Altar of Kings2
Farm12
Barracks1
Lumber Mill2
Scout Tower11
Arcane Tower2
Hunter's Hall1
Arcane Vault1
Guard Tower8
Keep2
Blacksmith1
Ancient Protector4
Castle2
Gryphon Aviary3
Tree of Ages1
53 total
» build order
00:03 Altar of Kings
00:07 Farm
00:12 Barracks
00:41 Lumber Mill
00:43 Altar of Kings
01:14 Scout Tower
01:32 Farm
01:42 Arcane Tower
01:47 Hunter's Hall
02:05 Farm
02:13 Lumber Mill
02:19 Scout Tower
02:20 Scout Tower
02:35 Farm
02:52 Farm
03:10 Arcane Vault
03:21 Guard Tower
03:27 Scout Tower
03:28 Scout Tower
03:34 Scout Tower
03:55 Keep
04:00 Guard Tower
04:10 Arcane Tower
04:39 Farm
04:55 Blacksmith
05:08 Keep
05:14 Scout Tower
05:15 Scout Tower
05:20 Ancient Protector
05:23 Ancient Protector
05:25 Ancient Protector
05:28 Ancient Protector
05:48 Guard Tower
06:19 Castle
06:27 Guard Tower
06:33 Farm
08:53 Gryphon Aviary
08:55 Gryphon Aviary
11:43 Gryphon Aviary
12:10 Castle
12:15 Tree of Ages
14:37 Farm
14:42 Farm
17:03 Farm
17:04 Farm
17:28 Farm
20:18 Scout Tower
20:19 Scout Tower
20:23 Scout Tower
20:50 Guard Tower
20:52 Guard Tower
20:53 Guard Tower
» items
Scroll of Regeneration2
Boots of Speed1
Staff of Teleportation1
Potion of Invisibility1
Potion of Mana2
Lesser Clarity Potion1
Orb of Fire1
9 total
HumanANGRYGAYMAN (teal | 3 APM | 62 actions | 22:01)

» actions
Basic commands12
Enter build submenu2
Right click8
Select / deselect32
Use ability8
62 total
» buildings
Lumber Mill1
1 total
» build order
14:14 Lumber Mill
NightElftiredofnewaccts (blue | 10 APM | 7 actions | 00:41)

» actions
Right click1
Select / deselect6
7 total
team 2
HumanWAIT-FOR-SEC (purple | 46 APM | 1012 actions | 22:01)
Hero icon 6 Archmage
Ability icon 3 Summon Water Elemental
Ability icon 2 Brilliance Aura
Ability icon 1 Mass Teleport

» actions
Assign group hotkey31
Basic commands54
Build / train60
Enter build submenu17
Enter hero's abilities submenu6
Give item / drop item2
Remove unit from queue1
Right click297
Select / deselect166
Select group hotkey313
Use ability65
1012 total
» units
Peasant14
Footman4
Goblin Shredder7
Gryphon Rider6
31 total
» upgrades
Masonry3
Swords3
Armor2
Lumber Harvesting2
Animal War Training1
Storm Hammers1
12 total
» buildings
Altar of Kings2
Barracks1
Farm12
Town Hall1
Arcane Vault1
Lumber Mill1
Keep1
Blacksmith1
Castle3
Gryphon Aviary3
26 total
» build order
00:10 Altar of Kings
00:20 Altar of Kings
00:25 Barracks
00:36 Farm
01:20 Farm
02:08 Farm
03:27 Town Hall
03:44 Arcane Vault
03:53 Lumber Mill
04:28 Farm
05:06 Keep
06:23 Blacksmith
06:26 Farm
06:26 Farm
06:27 Farm
06:27 Farm
07:46 Castle
07:46 Castle
07:49 Gryphon Aviary
07:50 Gryphon Aviary
07:54 Gryphon Aviary
07:57 Farm
07:57 Farm
07:57 Farm
07:58 Farm
» items
Scroll of Regeneration2
Potion of Healing2
Potion of Mana1
5 total
HumanFlyingElvis (orange | 37 APM | 815 actions | 22:01)
Hero icon 3 Archmage
Ability icon 2 Summon Water Elemental
Ability icon 1 Brilliance Aura

» actions
Assign group hotkey56
Basic commands191
Build / train35
Enter build submenu15
Enter hero's abilities submenu3
Right click211
Select / deselect147
Select group hotkey111
Use ability46
815 total
» units
Peasant12
Footman13
25 total
» upgrades
Defend1
Swords1
Plating1
3 total
» buildings
Altar of Kings1
Barracks2
Farm7
Lumber Mill1
Town Hall1
Blacksmith1
13 total
» build order
00:38 Altar of Kings
00:43 Barracks
01:10 Farm
01:14 Farm
02:00 Farm
02:27 Lumber Mill
03:23 Farm
03:25 Farm
03:53 Farm
03:55 Farm
05:05 Town Hall
05:16 Barracks
08:17 Blacksmith
» items
Scroll of Town Portal2
2 total
Humanlegbreakingtim3 (green | 12 APM | 244 actions | 20:06)
Hero icon 1 Archmage
Ability icon 1 Summon Water Elemental

» actions
Basic commands7
Build / train16
Enter build submenu14
Enter hero's abilities submenu1
Right click70
Select / deselect112
Use ability22
244 total
» units
Peasant8
Mortar Team4
12 total
» upgrades
Masonry1
1 total
» buildings
Farm6
Altar of Kings1
Lumber Mill1
Keep1
Blacksmith1
Workshop2
Arcane Sanctum1
13 total
» build order
00:26 Farm
00:34 Altar of Kings
02:01 Lumber Mill
02:33 Keep
02:59 Farm
03:05 Blacksmith
03:41 Farm
04:21 Farm
04:25 Farm
05:03 Workshop
05:08 Workshop
05:14 Arcane Sanctum
06:19 Farm
Random» NightElfchasedown (red | 24 APM | 533 actions | 22:01)
Hero icon 3 Demon Hunter
Ability icon 2 Immolation
Ability icon 1 Mana Burn

» actions
Assign group hotkey16
Basic commands2
Build / train24
Enter build submenu13
Enter hero's abilities submenu3
Right click142
Select / deselect121
Select group hotkey179
Use ability33
533 total
» units
Wisp10
Archer9
19 total
» buildings
Altar of Elders1
Ancient of War1
Moon Well6
Hunter's Hall1
Ancient Protector1
Ancient of Wonders1
Tree of Ages1
Tree of Life1
13 total
» build order
00:13 Altar of Elders
00:16 Ancient of War
00:24 Moon Well
01:59 Moon Well
03:12 Moon Well
04:05 Hunter's Hall
05:14 Ancient Protector
05:20 Moon Well
06:15 Moon Well
06:29 Ancient of Wonders
07:30 Moon Well
07:50 Tree of Ages
15:01 Tree of Life

Chat log

(00:26 / All) FlyingElvis: Non-humans will be hunted and exterminated like vermin
(00:59 / All) FlyingElvis: I hate how if one person leaves they all have to
(01:08 / All) FlyingElvis: like cowardly dynamos
(01:10 / All) chasedown: they are pussies
(01:16 / All) legbreakingtim3: and i hate tkers
(01:21 / All) sc2.no.wc3.yes: me too green
(01:31 / All) chasedown: me as well

(06:04 / All) chasedown: lol

(07:04 / All) WAIT-FOR-SEC: gg green tked
(07:14 / All) sc2.no.wc3.yes: fucking tkers
(07:18 / All) sc2.no.wc3.yes: he said he hated them too
(07:19 / All) sc2.no.wc3.yes: faggot

(10:55 / All) WAIT-FOR-SEC: lets kill pink!
(10:57 / All) WAIT-FOR-SEC: he is noob!
(11:51 / All) sc2.no.wc3.yes: LOL how did you morons lose that engagement?
(11:59 / All) legbreakingtim3: orange killed red lol
(12:00 / All) WAIT-FOR-SEC: green is still being reported
(12:02 / All) legbreakingtim3: so funny
(12:12 / All) legbreakingtim3: omg i'm gonna be reported...
(12:15 / All) legbreakingtim3: oh shit...
(12:17 / All) legbreakingtim3: so fucked
(12:19 / All) legbreakingtim3: damn it
(12:25 / All) sc2.no.wc3.yes: your cd key is being banned fag
(12:36 / All) legbreakingtim3: oh shit, my cd key... oh no....
(12:41 / All) legbreakingtim3: not my cd key...
(12:50 / All) chasedown: both green and oj are tkers
(12:58 / All) sc2.no.wc3.yes: LOL sure faggot, you and green tked
(13:06 / All) sc2.no.wc3.yes: Get over it, you were beaten after tking dumbfuck
(13:09 / All) chasedown: yeah it was green and oj
(13:10 / All) WAIT-FOR-SEC: die tker
(13:19 / All) sc2.no.wc3.yes: It was RED and GREEn
(13:19 / All) legbreakingtim3: for what it's worth i wanna tk the shit out of u all now
(13:22 / All) legbreakingtim3: oh well
(13:26 / All) sc2.no.wc3.yes: LOL try it noob
(13:28 / All) chasedown: hahaha ok
(13:39 / All) chasedown: watch the replay
(13:40 / All) legbreakingtim3: yea i cant, oj got me :)

(14:44 / Allies) ANGRYGAYMAN: LOl pink
(14:48 / Allies) ANGRYGAYMAN: u fucking map hackeer
(14:51 / Allies) sc2.no.wc3.yes: ?
(14:59 / Allies) ANGRYGAYMAN: you maphack out the ass
(15:14 / Allies) sc2.no.wc3.yes: you must be mistaken
(15:17 / Allies) ANGRYGAYMAN: 6 months ago
(15:18 / Allies) ANGRYGAYMAN: we played
(15:23 / Allies) ANGRYGAYMAN: and u proved to me that u maphacked
(15:31 / Allies) ANGRYGAYMAN: by telling me where my units were
(15:37 / Allies) sc2.no.wc3.yes: k
(15:39 / Allies) ANGRYGAYMAN: k
(15:41 / Allies) ANGRYGAYMAN: stfu
(15:45 / Allies) ANGRYGAYMAN: bitch
(15:46 / Allies) ANGRYGAYMAN: glad u lose
(15:59 / Allies) ANGRYGAYMAN: u lose bro
(16:00 / Allies) ANGRYGAYMAN: its over
(16:01 / Allies) ANGRYGAYMAN: afk
(16:03 / Allies) ANGRYGAYMAN: making some dinner
(16:05 / Allies) sc2.no.wc3.yes: I won dumbass
(16:30 / All) WAIT-FOR-SEC: red shut up seriously
(16:34 / All) WAIT-FOR-SEC: green tked then u
(16:37 / All) WAIT-FOR-SEC: ur both getting reported
(16:38 / All) FlyingElvis: All non-humans to be exterminated
(16:46 / All) WAIT-FOR-SEC: im tired of lil kids rooning my game
(16:47 / All) FlyingElvis: Green was a non-human sympathizer
(17:03 / All) FlyingElvis: Red is a dirty elf
(17:06 / All) FlyingElvis: They lie cheat and steal
(17:10 / All) FlyingElvis: Don't ever trust an elf
(17:20 / All) sc2.no.wc3.yes: NEVER TRUST AN ELF, said Garithos
(17:39 / All) WAIT-FOR-SEC: is that guy really a dwarf in real life
(17:44 / All) WAIT-FOR-SEC: gimli
(17:48 / All) FlyingElvis: No
(17:54 / All) FlyingElvis: Jonathan Reevis played in Sliders
(18:10 / All) WAIT-FOR-SEC: he was a midget tho i saw the movie
(18:17 / All) FlyingElvis: Frodo's not a hobbit in real life
(18:38 / All) sc2.no.wc3.yes: gj teal
(18:43 / All) sc2.no.wc3.yes: you lost all of yellow's stuff
(18:45 / All) legbreakingtim3: gj teal
(18:46 / All) sc2.no.wc3.yes: and now you can't play with it
(18:49 / All) WAIT-FOR-SEC: i know the fat hobbit played in goonies
(18:50 / All) legbreakingtim3: yea
(19:12 / All) legbreakingtim3: purp's so fucking dumb, doesnt know a hobbit from shit
(19:58 / All) legbreakingtim3: lol gg losers
(20:01 / All) legbreakingtim3: cya
(20:01 / All) sc2.no.wc3.yes: ggl
(20:21 / All) FlyingElvis: CF
(20:38 / All) FlyingElvis: DIE YOU HOMOSEXUAL
(20:45 / All) FlyingElvis: ELF SYMPATHIZER
(20:51 / All) WAIT-FOR-SEC: alex smith played like andrew luck yesterday
(20:59 / All) FlyingElvis: He played like himself
(21:03 / All) FlyingElvis: He was #1 pick for a reason
(21:14 / All) sc2.no.wc3.yes: AFK eating waffles
(21:15 / All) WAIT-FOR-SEC: rodgers will prove niners should have picked him
(21:23 / All) FlyingElvis: Already did
(21:26 / All) ANGRYGAYMAN: shut up retards
(21:30 / All) WAIT-FOR-SEC: TD giants
(21:30 / All) FlyingElvis: Alex Smith is above average, but clutch
(21:31 / All) ANGRYGAYMAN: you fucking flaming homosexuals
(21:35 / All) ANGRYGAYMAN: Get Around This Get Around This Get Around This Get Around This Get Around This Get Around This Get Around This
(21:36 / All) FlyingElvis: Rodgers is godly
(21:38 / All) ANGRYGAYMAN: yo stfu
(21:40 / All) ANGRYGAYMAN: Get Around This Get Around This Get Around This Get Around This Get Around This Get Around This Get Around This
(21:47 / All) ANGRYGAYMAN: Get Around This Get Around This Get Around This Get Around This Get Around This Get Around This Get Around This
(21:48 / All) ANGRYGAYMAN: Get Around This Get Around This Get Around This Get Around This Get Around This Get Around This Get Around This
(21:55 / All) FlyingElvis: You got owned you whore